cohdb
Replays
Latest Replays
All Replays
Popular Replays
Top Player Replays
Match Explorer
How It Works
Community
CoH3 Stats
Reddit
Sign in to upload your games and track your stats! →
Sign in with Steam
Match 42945477
Unlisted
Match 42945477
Overview
Messages
Build Orders
End
Panzerpioneer Squad
250 Light Carrier
Selects Armored Support Battlegroup
250 Light Carrier
Construct Light Support Kompanie
Panzerjäger Squad
MG34 Team
Combat Half-tracks
2.5-tonne Medical Truck
Assault Mechanized Group
Fire Support Elements
Assault Grenadier Squad
Selects Superior Fire Drills
Vehicle Survival Package
Construct Panzerarmee Kommand
Panzer III L Medium Tank
Selects Salvage Kits
Selects Panzer Storm
Panzer Storm
Tungsten Core Ammunition
Panzer III L Medium Tank
Selects Stuka Dive Bomb
Selects Flammpanzer III Medium Tank
Flammpanzer III Medium Tank
Panzer Storm
Flammpanzer III Medium Tank
Drone Operator
simranjitsingh713
Vityaz
Imagine_jl26
0
0
Comments
sign in to comment!
No comments posted yet!